 Dungeon Crawl Stone Soup version 0.30-a0-125-g51eefa89be (webtiles) character file.

Game seed: 10142398567618952003

317 Pooter the Shooter (level 6, -3/52 HPs)
             Began as a Minotaur Hunter on Sept 19, 2022.
             Slain by a lemure (5 damage)
             ... led by Pikel
             ... on level 4 of the Dungeon.
             The game lasted 00:15:35 (3416 turns).

Pooter the Shooter (Minotaur Hunter)                Turns: 3416, Time: 00:15:36

Health: -3/52      AC: 15    Str: 17    XL:     6   Next: 20%
Magic:  5/5        EV: 10    Int:  4    God:
Gold:   178        SH:  0    Dex: 14    Spells: 5/5 levels left

rFire   . . .      SeeInvis .    a - +1 flail (protect)
rCold   . . .      Faith    .    (no shield)
rNeg    . . .      Spirit   .    h - +0 scale mail
rPois   .          Reflect  .    e - +0 hat
rElec   .          Harm     .    (no cloak)
rCorr   .          Rampage  .    (no gloves)
Will    .....                    k - +1 pair of boots
Stlth   +.........               (no amulet)
HPRegen 0.17/turn                (no ring)
MPRegen 0.09/turn                (no ring)

@: mighty, under a protective aura
A: horns 2, retaliatory headbutt, claws 1, dopey 1, inability to drink after
injury 1
a: no special abilities


You were on level 4 of the Dungeon.
You visited 1 branch of the dungeon, and saw 4 of its levels.

You collected 178 gold pieces.

Inventory:

Hand Weapons
 a - a +1 flail of protection (weapon)
   (You took it off an orc on level 3 of the Dungeon)
 b - a +0 shortbow
 n - a +3 spear
   (You found it on level 1 of the Dungeon)
 r - a +2 falchion of holy wrath
   (You took it off an orc on level 3 of the Dungeon)
 u - a +0 trident
   (You took it off an orc on level 3 of the Dungeon)
Missiles
 f - 6 curare-tipped darts
 m - 6 boomerangs (quivered)
 Q - 36 stones
Armour
 e - a +0 hat (worn)
   (You found it on level 1 of the Dungeon)
 h - a +0 scale mail (worn)
   (You found it on level 1 of the Dungeon)
 k - a +1 pair of boots (worn)
   (You found it on level 1 of the Dungeon)
Wands
 i - a wand of polymorph (11)
   (You found it on level 3 of the Dungeon)
 w - a wand of mindburst (24)
   (You found it on level 3 of the Dungeon)
Scrolls
 d - 3 scrolls of immolation {!r}
 j - a scroll of noise {!r}
 q - 2 scrolls of enchant armour {unknown}
 t - a scroll of teleportation {@r4}
Potions
 g - a potion of mutation {!q}
 l - a potion of degeneration {unknown}
 o - a potion of heal wounds {@q2}
 p - a potion of attraction {unknown}
 s - a potion of haste {unknown}
 v - 4 potions of curing {@q1}


   Skills:
 + Level 4.0 Fighting
 * Level 1.0 Maces & Flails
 - Level 2.2 Polearms
 * Level 6.1 Ranged Weapons
 + Level 1.8 Armour
 - Level 2.1 Dodging
 - Level 2.3 Stealth
 + Level 0.3 Evocations


You had 5 spell levels left.
You didn't know any spells.
Your spell library contained the following spells:

 Spells                   Type           Power      Damage    Failure   Level
 Gell's Gravitas          Tloc           0%         N/A       99%         3
 Teleport Other           Tloc           0%         N/A       99%         3
 Dispersal                Tloc           0%         N/A       100%        6


Dungeon Overview and Level Annotations

Branches:
Dungeon (4/15)
 Temple: D:4-7

Altars:

Annotations:
D:4 Pikel


Innate Abilities, Weirdness & Mutations

You have a pair of horns on your head.
You reflexively headbutt those who attack you in melee.
You have sharp fingernails.
You are dopey. (Int -2)
You occasionally lose the ability to drink potions when taking damage.


Message History

* * * LOW HITPOINT WARNING * * *
Pikel freezes you.
* * * LOW HITPOINT WARNING * * *
The lemure hits you but does no damage. The jackal closely misses you.
Pikel hits you but does no damage. The lemure hits you but does no damage.
The lemure barely misses you. You furiously retaliate!
You headbutt the lemure!
Unknown command.
You closely miss Pikel. The jackal closely misses you.
The lemure hits you but does no damage.
Pikel hits you with a +2 whip of freezing.
* * * LOW HITPOINT WARNING * * *
Pikel freezes you.
* * * LOW HITPOINT WARNING * * *
The jelly barely misses you.
An endoplasm comes into view.
The lemure misses you. You furiously retaliate!
You headbutt the lemure!
Unknown command.
You miss Pikel.
The endoplasm quivers.
A jackal comes into view.
The jackal barely misses you. You furiously retaliate!
You headbutt the jackal!
You kill the jackal!
The lemure hits you.
* * * LOW HITPOINT WARNING * * *
The goblin hits you but does no damage. Pikel misses you.
The jelly closely misses you. The lemure hits you but does no damage.
Unknown command.
You closely miss Pikel.
The jackal barks!
Your headbutt misses Pikel.
You hear a bark!
The jackal barely misses you.
A jackal comes into view.
The lemure closely misses you. The goblin hits you with a +0 club.
* * * LOW HITPOINT WARNING * * *
Pikel barely misses you. The lemure hits you but does no damage.
The jelly hits you but does no damage. The lemure closely misses you.
The jackal closely misses you. You furiously retaliate!
You headbutt the jackal!
You kill the jackal!
The goblin hits you with a +0 club.
* * * LOW HITPOINT WARNING * * *
Pikel closely misses you. The lemure hits you but does no damage.
The jelly misses you. The lemure hits you but does no damage.
The lemure barely misses you.
Unknown command.
You sock Pikel!
Your weapon exudes an aura of protection.
The lemure hits you.
You die...

... ##
....#..
.... #.
....#..
....##.
....... #
...#.
.......
..?.
..... #..
...#
#.g#5h.#
#5@Jh.#
#K55..#
##....#
#....J.
#####....
#... ...
..


You could see Pikel, 4 lemures, a jelly, an endoplasm, 2 jackals and a goblin.

Vanquished Creatures
  A bullfrog (D:3)
  3 jellies (D:3)
  An orc wizard (D:2)
  A gnoll (D:1)
  2 adders
  A worm (D:2)
  A dart slug (D:2)
  10 orcs
  10 ball pythons
  13 endoplasms
  5 giant cockroaches
  2 goblins
  4 hobgoblins
  8 jackals
  12 kobolds
  4 quokkas
  7 bats
  2 frilled lizards
  2 rats
89 creatures vanquished.

Vanquished Creatures (others)
  8 fungi (D:3)
  2 plants (D:3)
  7 toadstools (D:3)
17 creatures vanquished.

Grand Total: 106 creatures vanquished

Notes
Turn   | Place    | Note
-------+----------+-------------------------------------------
     0 | D:1      | Pooter the Minotaur Hunter began the quest for the Orb.
     0 | D:1      | Reached XP level 1. HP: 18/18 MP: 0/0
     3 | D:1      | Noticed an electric eel
    70 | D:1      | Reached skill level 1 in Stealth
    77 | D:1      | Reached XP level 2. HP: 25/25 MP: 1/1
    99 | D:1      | Found a faded altar of an unknown god.
   191 | D:1      | Reached skill level 5 in Ranged Weapons
   191 | D:1      | Reached XP level 3. HP: 23/31 MP: 2/2
  1047 | D:2      | Gained mutation: You are dopey. (Int -2) [potion of
                  | mutation]
  1047 | D:2      | Gained mutation: You occasionally lose the ability to drink
                  | potions when taking damage. [potion of mutation]
  1047 | D:2      | Gained mutation: You have sharp fingernails. [potion of
                  | mutation]
  1051 | D:2      | Reached skill level 1 in Polearms
  1051 | D:2      | Reached XP level 4. HP: 17/38 MP: 3/3
  2228 | D:3      | Reached XP level 5. HP: 45/45 MP: 4/4
  2276 | D:3      | Reached skill level 1 in Armour
  2527 | D:3      | Reached skill level 6 in Ranged Weapons
  3377 | D:4      | Noticed Pikel
  3378 | D:4      | Noticed a lemure
  3390 | D:3      | Reached skill level 1 in Maces & Flails
  3390 | D:3      | Reached XP level 6. HP: 49/52 MP: 5/5
  3415 | D:4      | HP: 2/52 [goblin/+0 club (1)]
  3416 | D:4      | Slain by a lemure

Illustrated notes

Levels and vault maps discovered:
D:1:      arrival_aquarium_a, layout_basic, chequers_ecumenical_altar_island
D:2:      layout_basic
D:3:      cheibrodos_fertilizer, layout_basic, grunt_ministairs_14,
          serial_bayou_pond_c
D:4:      layout_cave_pools, uniq_sigmund, uniq_eustachio, uniq_pikel

Skill      XL: |  1  2  3  4  5 |
---------------+----------------+-----
Stealth        | 1 2 |  2.3
Fighting       | 3 4 |  4.0
Ranged Weapons | 5 6 |  6.1
Polearms       | 1 2 |  2.2
Armour         | 1 |  1.8
Maces & Flails | 1 |  1.0
Dodging        | |  2.1
Evocations     | |  0.3

Action                   |  1- 3 |  4- 6 || total
-------------------------+-------+-------++-------
Melee: Club              |    20 |       ||    20
       Headbutt          |     7 |    13 ||    20
       Spear             |    17 |    10 ||    27
       Punch             |     1 |       ||     1
       Flail             |       |    63 ||    63
 Fire: Shortbow          |    57 |    81 ||   138
Throw: Dart              |       |     2 ||     2
       Boomerang         |       |     1 ||     1
Evoke: Wand              |       |     1 ||     1
  Use: Potion            |     1 |     1 ||     2
       Scroll            |       |     5 ||     5
Armor: Leather armour    |     6 |       ||     6
       Scale mail        |     8 |    60 ||    68
Dodge: Dodged            |    40 |    78 ||   118

Table legend: (Time is in decaauts)
 A = Elapsed time spent in this place.
 B = Non-inter-level travel time spent in this place.
 C = Inter-level travel time spent in this place.
 D = Time resting spent in this place.
 E = Time spent auto-exploring this place.
 F = Levels seen in this place.
 G = Mean time per level.
                   A        B        C        D        E       F      G
               +--------+--------+--------+--------+--------+-----+--------+
         Total |   3484 |   3384 |    100 |    829 |   1914 |   4 |  871.0 |
       Dungeon |   3484 |   3384 |    100 |    829 |   1914 |   4 |  871.0 |
               +--------+--------+--------+--------+--------+-----+--------+

Top non-repeatable levels by time:
     D:3: 1607 daAuts
     D:1: 961 daAuts
     D:2: 898 daAuts
     D:4: 16 daAuts
